 Dungeon Crawl Stone Soup version 0.22-a0-515-g75794bf (webtiles) character file.

578 Laiders72 the Cudgeler (level 7, -6/52 HPs)
             Began as a Formicid Fighter on June 19, 2018.
             Mangled by an ogre
             ... wielding a +0 giant club
              (11 damage)
             ... on level 4 of the Dungeon.
             The game lasted 00:07:51 (3798 turns).

Laiders72 the Cudgeler (Formicid Fighter)           Turns: 3798, Time: 00:07:52

Health: -6/52      AC:  8    Str: 21    XL:     7   Next: 62%
Magic:  7/7        EV: 10    Int:  8    God:
Gold:   195        SH: 10    Dex: 11    Spells: 6/6 levels left

rFire    + . .     SeeInvis +   a - +0 flail
rCold    . . .     Gourm    .   c - +0 shield
rNeg     . . .     Faith    .   b - +0 scale mail
rPois    +         Spirit   .   (helmet unavailable)
rElec    .         Reflect  .   (no cloak)
rCorr    .         Harm     .   l - +0 pair of gloves
MR       .....                  (no boots)
Stlth    +.........             (no amulet)
HPRegen  0.17/turn              p - ring of stealth
MPRegen  0.10/turn              i - ring "Pywk" {rPois rF+ EV+2}

@: no status effects
A: permanent stasis, dig shafts and tunnels, four strong arms, antennae 3
a: Dig, Shaft Self


You were on level 4 of the Dungeon.
You were not hungry.

You visited 1 branch of the dungeon, and saw 4 of its levels.

You collected 195 gold pieces.

Inventory:

Hand Weapons
 a - a +0 flail (weapon)
Armour
 b - a +0 scale mail (worn)
 c - a +0 shield (worn)
 l - a +0 pair of gloves (worn)
Jewellery
 i - the ring "Pywk" (right hand) {rPois rF+ EV+2}
   (You found it on level 4 of the Dungeon)

   [ring of evasion]

   It affects your evasion (+2).
   It protects you from fire.
   It protects you from poison.
 p - a ring of stealth (left hand)
 q - an uncursed ring of fire {unknown}
Wands
 e - a wand of polymorph (14)
Scrolls
 g - 4 scrolls of identify
 h - 2 scrolls of immolation {unknown}
 j - a scroll of teleportation {unknown}
 k - 2 scrolls of remove curse
 n - a scroll of magic mapping {unknown}
Potions
 d - 2 potions of might
 m - 4 potions of curing
 o - a potion of invisibility
Comestibles
 f - 7 rations
 r - 3 chunks of flesh


   Skills:
 - Level 3.2 Fighting
 + Level 7.1 Maces & Flails
 - Level 3.2 Armour
 + Level 5.4 Shields


You had 6 spell levels left.
You didn't know any spells.
Your spell library contained the following spells:

 Spells                   Type           Power        Failure   Level  Hunger
 Apportation              Tloc           #.....       94%         1    ##.....
 Summon Small Mammal      Summ           #...         94%         1    ##.....
 Animate Skeleton         Necr           N/A          94%         1    ##.....
 Confusing Touch          Hex            #.....       94%         1    ##.....


Dungeon Overview and Level Annotations

Branches:
Dungeon (4/15)
 Temple: D:4-7

Altars:
Gozag
Qazlal
Sif Muna
Trog
Yredelemnul


Innate Abilities, Weirdness & Mutations

You cannot be hasted, slowed, berserked, paralysed or teleported.
You can dig through walls and to a lower floor.
Your four strong arms can wield two-handed weapons with a shield.
You have a pair of large antennae on your head. (SInv)


Message History

There is an open door here.
You sense a monster nearby.
Search for what [Enter for "mace", or ? for help]? armor You sense a monster nearby.
You sense a monster nearby.
An ogre comes into view. It is wielding a giant club.
You sock the ogre!
The ogre is heavily wounded.
The ogre hits you with a giant club.
You hit the ogre.
The ogre is severely wounded.
The ogre hits you with a giant club!!
You barely miss the ogre.
The ogre is severely wounded.
The ogre hits you with a giant club!
* * * LOW HITPOINT WARNING * * *
You hit the ogre.
The ogre is almost dead.
The ogre hits you with a giant club!
You die...

........# #...
##.....## #..# {#
##...### #..# #.
##....##..# { .##
#.##.#..# { ..#
#.##...## ..#
##'####..## ##..#
##...####..##{##O.#
##.....##.#..###@.#.#
#.......##.#..#..#.##
........#.#.#...#.#.#
........#############
.........# #.......##
##...<.## ##...##
#+##


You could see an ogre.

Vanquished Creatures
  A water moccasin (D:3)
  2 ogres (D:4)
  A bullfrog zombie (D:2)
  2 orc wizards (D:3)
  6 adders
  5 gnolls
  5 worms
  3 leopard geckos
  12 orcs
  9 bats
  4 giant cockroaches
  10 hobgoblins
  6 jackals
  10 kobolds
  2 quokkas (D:2)
  A ball python (D:2)
  7 frilled lizards
  7 goblins
  7 rats
100 creatures vanquished.

Notes
Turn   | Place    | Note
-------+----------+-------------------------------------------
     0 | D:1      | Laiders72 the Formicid Fighter began the quest for the Orb.
     0 | D:1      | Reached XP level 1. HP: 18/18 MP: 1/1
   108 | D:1      | Reached XP level 2. HP: 22/24 MP: 2/2
   197 | D:1      | Reached skill level 3 in Maces & Flails
   259 | D:1      | Reached XP level 3. HP: 19/29 MP: 3/3
  1014 | D:2      | Reached skill level 4 in Maces & Flails
  1014 | D:2      | Reached XP level 4. HP: 24/35 MP: 4/4
  1361 | D:2      | Reached XP level 5. HP: 15/41 MP: 5/5
  1567 | D:2      | Reached skill level 5 in Maces & Flails
  2261 | D:2      | Reached XP level 6. HP: 33/47 MP: 6/6
  2453 | D:3      | Reached skill level 6 in Maces & Flails
  3130 | D:3      | Found a stormy altar of Qazlal.
  3134 | D:3      | Found a deep blue altar of Sif Muna.
  3134 | D:3      | Found a basalt altar of Yredelemnul.
  3147 | D:3      | Found a bloodstained altar of Trog.
  3151 | D:3      | Found an opulent altar of Gozag.
  3206 | D:3      | Noticed a water moccasin
  3223 | D:3      | Killed a water moccasin
  3223 | D:3      | Reached XP level 7. HP: 51/52 MP: 7/7
  3464 | D:4      | Reached skill level 5 in Shields
  3470 | D:4      | Got a scintillating bronze ring
  3471 | D:4      | Identified the ring "Pywk" {rPois rF+ EV+2} (You found it on level 4 of the Dungeon)
  3670 | D:4      | Reached skill level 7 in Maces & Flails
  3798 | D:4      | Mangled by an ogre

Vault maps used:
D:1:      lightli_iron_boxes
D:2:      first_ration
D:3:      minmay_overflow_temple_star_hex
D:4:      minmay_diamond_boxcup

Skill      XL: |  1  2  3  4  5  6  7 |
---------------+----------------------+-----
Maces & Flails | 3 4 5 6 7 |  7.1
Shields        | 4 5 |  5.4
Fighting       | |  3.2
Armour         | |  3.2

Action                   |  1- 3 |  4- 6 |  7- 9 || total
-------------------------+-------+-------+-------++-------
Melee: Flail             |   109 |   236 |    65 ||   410
  Use: Potion            |       |     3 |       ||     3
       Scroll            |       |     5 |       ||     5
  Eat: Chunk             |       |     8 |     2 ||    10
Armor: Scale mail        |    41 |   133 |    14 ||   188
Dodge: Dodged            |    25 |    75 |    14 ||   114
Block: Shield            |    46 |   162 |    21 ||   229

Table legend:
 A = Spawn XP
 B = Non-spawn XP
 C = Spawn XP percentage of total XP
 D = Spawn monster count
 E = Non-spawn monster count
 F = Spawn count percentage of total count
 G = Total turns spent on level
                    A         B        C        D         E        F      G
               +---------+---------+-------+---------+---------+-------+---------
         Total |       0 |     826 |   0.0 |       0 |     100 |   0.0 |  3798
               +---------+---------+-------+---------+---------+-------+---------
           D:1 |       0 |      49 |   0.0 |       0 |      25 |   0.0 |   833
           D:2 |       0 |     216 |   0.0 |       0 |      36 |   0.0 |  1847
           D:3 |       0 |     306 |   0.0 |       0 |      30 |   0.0 |   774
           D:4 |       0 |     255 |   0.0 |       0 |       9 |   0.0 |   344
               +---------+---------+-------+---------+---------+-------+---------
